 Dungeon Crawl Stone Soup version 0.27.1-37-g7b29ead8ac (console) character file.

Game seed: 15242831562110865823

191175 grimtooth the Eclecticist (level 17, -5/100 HPs)
             Began as a Deep Elf Hedge Wizard on Aug 13, 2023.
             Was a High Priest of Vehumet.
             Engulfed by a cloud of freezing vapour (16 damage)
             ... on level 3 of the Snake Pit on Aug 14, 2023.
             The game lasted 05:39:47 (46919 turns).

grimtooth the Eclecticist (Deep Elf Hedge Wizard)  Turns: 46919, Time: 05:39:47

Health: -5/100     AC: 16    Str:  8    XL:     17   Next: 56%
Magic:  31/41      EV: 23    Int: 35    God:    Vehumet [*****.]
Gold:   1147       SH:  0    Dex: 20    Spells: 10/52 levels left

rFire    + . .     SeeInvis +   a - +9 dagger of Peril {freeze, rN++ rCorr}
rCold    . . .     Faith    .   (no shield)
rNeg     + + .     Spirit   .   k - +3 leather armour {rF+}
rPois    .         Reflect  .   V - +2 helmet {Int+3}
rElec    +         Harm     .   M - +1 cloak {Will+}
rCorr    +         Rampage  .   r - +0 pair of gloves {Str+3}
Will     ++...                  R - +2 pair of boots {Fly}
Stlth    ++++......             Y - amulet of Truth {rElec Regen+ Str-3 Dex+6 SInv}
HPRegen  1.26/turn              E - +4 ring of evasion
MPRegen  0.27/turn              A - +6 ring of intelligence

@: marked, flying, hasted, very quick
A: no striking features
}: 1/15 runes: barnacled
a: Renounce Religion


You were on level 3 of the Snake Pit.
You worshipped Vehumet.
Vehumet was extremely pleased with you.
You visited 6 branches of the dungeon, and saw 31 of its levels.
You visited the Abyss 1 time.
You visited 2 bazaars.
You also visited: Ossuary, Gauntlet and Volcano.

You collected 3965 gold pieces.
You spent 2818 gold pieces at shops.

Inventory:

Hand Weapons
 a - the +9 dagger of Peril (weapon) {freeze, rN++ rCorr}
   (You bought it in a shop in a bazaar)

   It freezes those it strikes, dealing additional cold damage.
   It can also slow down cold-blooded creatures.
   rN:        It greatly protects you from negative energy.
   rCorr:     It protects you from acid and corrosion.
Missiles
 c - 92 poisoned darts
 l - 9 curare-tipped darts
 u - 10 throwing nets {=f}
 x - 23 boomerangs (quivered)
Armour
 k - a +3 leather armour of fire resistance (worn)
 r - a +0 pair of gloves of strength (worn)
 M - a +1 cloak of willpower (worn)
 R - a +2 pair of boots of flying (worn)
 V - a +2 helmet of intelligence (worn)
 W - a +0 robe of willpower
Magical Staves
 b - a staff of conjuration
 C - a staff of cold
Jewellery
 A - a +6 ring of intelligence (right hand)
 E - a +4 ring of evasion (left hand)
 K - a ring of protection from fire
 T - a +4 ring of slaying
 Y - the amulet of Truth (around neck) {rElec Regen+ Str-3 Dex+6 SInv}
   (You found it on level 5 of the Dungeon)

   [amulet of regeneration]

   Str:       It affects your strength (-3).
   Dex:       It affects your dexterity (+6).
   rElec:     It insulates you from electricity.
   SInv:      It lets you see invisible.
   Regen:     It increases your rate of health regeneration.
Wands
 h - a wand of flame (89)
 n - a wand of charming (6)
 w - a wand of acid (4)
 N - a wand of paralysis (22)
 P - a wand of mindburst (2)
 Q - a wand of digging (8)
 Z - a wand of iceblast (12)
Scrolls
 d - 3 scrolls of teleportation
 g - 3 scrolls of silence
 o - 7 scrolls of fear
 t - 2 scrolls of vulnerability
 v - 3 scrolls of blinking
 B - 7 scrolls of magic mapping
 F - 2 scrolls of summoning
 H - 3 scrolls of fog
Potions
 e - 3 potions of magic
 j - 2 potions of resistance
 p - 4 potions of curing
 I - 6 potions of haste
 J - 8 potions of brilliance
 L - 3 potions of invisibility
 O - 4 potions of cancellation
 S - 8 potions of might
 U - 2 potions of ambrosia
 X - a potion of heal wounds
Miscellaneous
 f - a lightning rod (4/4)
 q - a condenser vane
 y - a tin of tremorstones (2/2)


   Skills:
 - Level 9.0 Fighting
 - Level 6.0 Short Blades
 + Level 7.8 Staves
 - Level 6.0 Armour
 - Level 12.0 Dodging
 + Level 9.6 Stealth
 - Level 18.0 Spellcasting
 - Level 15.0 Conjurations
 - Level 6.0 Summonings
 - Level 3.0 Translocations
 - Level 6.0 Fire Magic
 - Level 9.0 Ice Magic
 - Level 9.0 Air Magic
 - Level 1.3 Earth Magic
 - Level 6.0 Poison Magic
 + Level 6.7 Evocations


You had 10 spell levels left.
You knew the following spells:

 Your Spells              Type           Power      Damage    Failure   Level
a - Foxfire               Conj/Fire      100%       2x1d9     0%          1
b - Conjure Flame         Conj/Fire      81%        6-21      1%          3
c - Mephitic Cloud        Conj/Pois/Air  79%        N/A       1%          3
d - Iskenderun's Mystic   Conj/Tloc      76%        2d15      1%          4
e - Ignite Poison         Fire/Tmut/Pois 56%        N/A       1%          3
f - Freezing Cloud        Conj/Ice/Air   41%        6-21      1%          5
g - Orb of Destruction    Conj           47%        9d15      1%          7
h - Conjure Ball Lightni  Conj/Air       43%        3x3d15    1%          6
k - Blink                 Tloc           N/A        N/A       1%          2
l - Lee's Rapid Deconstr  Erth           20%        3d13*     7%          5
o - Ozocubu's Armour      Ice            76%        N/A       1%          3

Your spell library contained the following spells:

 Spells                   Type           Power      Damage    Failure   Level
 Spellforged Servitor     Conj/Summ      40%        N/A       4%          7
 Magic Dart               Conj           100%       1d8       0%          1
 Static Discharge         Conj/Air       86%        N/A       0%          2
 Animate Skeleton         Necr           62%        N/A       1%          1
 Apportation              Tloc           100%       N/A       1%          1
 Corona                   Hex            34%        N/A       1%          1
 Pain                     Necr           100%       1d9       1%          1
 Sting                    Tmut/Pois      100%       1d8       1%          1
 Summon Small Mammal      Summ           100%       N/A       1%          1
 Call Imp                 Summ           65%        N/A       1%          2
 Corpse Rot               Necr/Air       N/A        N/A       1%          2
 Ensorcelled Hibernation  Hex/Ice        100%       N/A       1%          2
 Poisonous Vapours        Pois/Air       100%       N/A       1%          2
 Call Canine Familiar     Summ           65%        N/A       1%          3
 Dazzling Flash           Conj/Hex       100%       N/A       1%          3
 Gell's Gravitas          Tloc           25%        N/A       1%          3
 Spider Form              Tmut/Pois      25%        N/A       1%          3
 Teleport Other           Tloc           51%        N/A       1%          3
 Olgreb's Toxic Radiance  Pois           65%        N/A       1%          4
 Sticky Flame             Conj/Fire      81%        2d9       1%          4
 Bolt of Magma            Conj/Fire/Erth 35%        4d15      1%          5
 Fireball                 Conj/Fire      40%        3d16      1%          5
 Irradiate                Conj/Tmut      35%        3d25      1%          5
 Lightning Bolt           Conj/Air       43%        1d62      1%          5
 Starburst                Conj/Fire      40%        6d12      1%          6
 Slow                     Hex            31%        N/A       2%          2
 Sublimation of Blood     Necr           15%        N/A       2%          2
 Portal Projectile        Hex/Tloc       84%        N/A       2%          3
 Iron Shot                Conj/Erth      36%        9d7       2%          6
 Animate Armour           Summ/Erth      100%       N/A       3%          4
 Confusing Touch          Hex            31%        N/A       4%          3
 Tukima's Dance           Hex            31%        N/A       4%          3
 Vampiric Draining        Necr           15%        2d8       4%          3
 Passage of Golubria      Tloc           N/A        N/A       4%          4
 Metabolic Englaciation   Hex/Ice        29%        N/A       6%          5
 Silence                  Hex/Air        29%        N/A       6%          5
 Summon Forest            Summ/Tloc      29%        N/A       6%          5
 Ozocubu's Refrigeration  Ice            38%        4d12      9%          7
 Leda's Liquefaction      Hex/Erth       18%        N/A       11%         4
 Petrify                  Tmut/Erth      36%        N/A       11%         4
 Yara's Violent Unravell  Hex/Tmut       15%        3d8       11%         5
 Alistair's Intoxication  Tmut/Pois      34%        N/A       12%         5
 Animate Dead             Necr           15%        N/A       14%         4
 Dispel Undead            Necr           31%        3d14      14%         4
 Eringya's Noxious Bog    Tmut/Pois      25%        N/A       17%         6
 Shadow Creatures         Summ           N/A        N/A       19%         6
 Borgnjor's Vile Clutch   Necr/Erth      18%        N/A       30%         5
 Agony                    Necr           31%        N/A       38%         5
 Blade Hands              Tmut           15%        N/A       38%         5
 Maxwell's Capacitive Co  Air            38%        ∞         50%         8
 Dispersal                Tloc           25%        N/A       54%         6
 Summon Hydra             Summ           32%        N/A       71%         7
 Statue Form              Tmut/Erth      24%        N/A       86%         6
 Ignition                 Fire           32%        3d10      87%         8
 Storm Form               Tmut/Air       29%        N/A       89%         7
 Death Channel            Necr           15%        N/A       92%         6
 Borgnjor's Revivificati  Necr           15%        N/A       100%        8
 Necromutation            Tmut/Necr      15%        N/A       100%        8
 Death's Door             Necr           15%        N/A       100%        9


Dungeon Overview and Level Annotations

Branches:
Dungeon (15/15)            Temple (1/1) D:5            Lair (6/6) D:8
 Shoals (4/4) Lair:2        Snake (3/4) Lair:3        Slime (0/5) Lair:6
    Orc (2/2) D:11            Elf (0/3) Orc:2        Vaults (0/5) D:13
 Depths (0/5) D:15        Ossuary (visited)         Volcano (visited)
Gauntlet (visited)

Altars:
Ashenzari
Cheibriados
Dithmenos
Elyvilon
Fedhas
Gozag
Hepliaklqana
Kikubaaqudgha
Makhleb
Nemelex Xobeh
Okawaru
Qazlal
Ru
Sif Muna
Trog
Uskayaw
Vehumet
Wu Jian
Xom
Yredelemnul
Zin
The Shining One
Beogh
Jiyva

Shops:
D:1 *:***   Orc:2 (![?   Snake:1 =*=[   Snake:2 (

Annotations:
D:4 exclusion: zombie, Edmund
D:11 3 runed translucent doors, grimtooth's ghost, journeyman BaSu
D:14 Roxanne
D:15 1 runed translucent door, cbfl8's ghost, journeyman MiGl
Lair:6 exclusion: door
Snake:2 exclusions: anaconda, mana viper and 2 naga sharpshooters, Asterion


Message History

Aim: a naga warrior, wielding a +0 dire flail and wearing a +0 robe (strong)
Okay, then.
Magic courses through your body.
The naga warrior is engulfed in freezing vapours.
The naga warrior roars a battlecry!
A guardian serpent comes into view.
Press: ? - help, v - describe, . - travel
Here: a guardian serpent The floor.
Casting: Freezing Cloud (safe; 1% risk of failure)
Confirm with . or Enter, or press ? or * to list all spells.
Aiming: Freezing Cloud (safe; 1% risk of failure)
Press: ? - help, Dir - move target, p - naga warrior A salamander comes into view.
It is wielding a +0 trident.
The guardian serpent is engulfed in freezing vapours.
The guardian serpent casts a spell at you.
The naga warrior blinks!
The black mamba blinks into view!
Unknown command.
Casting: Freezing Cloud (safe; 1% risk of failure)
Confirm with . or Enter, or press ? or * to list all spells.
You erupt in a blast of force!
The mystic blast hits the black mamba!!
You kill the black mamba!
Vehumet accepts your kill.
The mystic blast hits the naga warrior!!
The naga warrior is moderately wounded.
The naga warrior is knocked back by the mystic blast.
The naga warrior slams into the rock wall!
The guardian serpent is engulfed in freezing vapours.
The naga warrior hits you with a +0 dire flail!!
* * * LOW HITPOINT WARNING * * *
The naga warrior grabs you. The naga warrior constricts you.
Press: ? - help, v - describe, . - travel
Here: a naga warrior, wielding a +0 dire flail and wearing a +0 robe (moderately wounded, constricting you, strong)
The floor, spattered with blood.
Casting: Iskenderun's Mystic Blast (safe; 1% risk of failure)
Confirm with . or Enter, or press ? or * to list all spells.
You escape the naga warrior's grasp.
You blink. 2 salamanders come into view.
You are engulfed in freezing vapours.
You die...

### ##§#
# #N†##.#
##...##.#
#§@>...#
#§#§..##
#§
§§.....
#§
§§..##.
N§ #§§S#
SN ..N..
#..
.....#
...
.N#..#


You could see 2 naga warriors, 3 salamanders and 2 black mambas.

Vanquished Creatures
  Saint Roka (Snake:2)
  Rupert (Lair:4)
  Frances (Shoals:1)
  Kirke (Snake:2)
  Aizul (Snake:2)
  A minotaur (Gauntlet)
  5 merfolk impalers
  An ettin (Orc:1)
  4 merfolk javelineers
  Snorg (D:14)
  Josephine (Lair:4)
  2 naga warriors (Snake:1)
  An ogre mage (D:13)
  2 vault guards (D:13)
  9 hydras
  3 merfolk avatars
  3 centaur warriors (D:13)
  5 anacondas
  A death knight (D:14)
  4 boulder beetles
  2 merfolk aquamancers
  4 two-headed ogres
  A dancing weapon (Volcano)
  3 satyrs (Shoals:4)
  9 death yaks (Lair:6)
  An alligator snapping turtle (Shoals:1)
  A shock serpent (Snake:1)
  A tengu warrior (Gauntlet)
  9 naga sharpshooters
  6 orc high priests (Orc:2)
  Nergalle (Lair:4)
  7 sea snakes
  2 salamander mystics (Snake:1)
  A deep elf archer (D:13)
  A sea snake (shapeshifter) (D:15)
  A lindwurm (Lair:6)
  3 naga ritualists (Snake:1)
  7 wizards
  Pikel (D:8)
  3 orc knights (D:13)
  13 harpies
  A deep elf zephyrmancer (D:15)
  13 fauns
  5 mana vipers
  5 deep elf pyromancers
  An orc sorcerer (Orc:1)
  A wolf spider (D:15)
  11 cyclopes
  7 ugly things
  4 salamanders (Snake:1)
  5 toenail golems (Volcano)
  7 merfolk sirens
  12 manticores
  6 elephants
  5 water nymphs
  33 black mambas
  A torpor snail (Gauntlet)
  13 cane toads
  8 naga magi
  3 guardian serpents (Snake:2)
  3 unseen horrors (D:12)
  5 rime drakes (Lair:6)
  A kobold demonologist (D:10)
  11 komodo dragons
  A yaktaur (D:13)
  3 efreet
  A tengu conjurer (Gauntlet)
  30 merfolk
  5 trolls
  4 polar bears
  4 wind drakes
  3 meliai (D:14)
  15 dream sheep
  17 blink frogs
  17 slime creatures
  10 snapping turtles
  A centaur simulacrum (D:14)
  2 shadows
  9 water elementals
  4 hogs (Snake:2)
  A vampire (D:11)
  28 yaks
  5 wraiths
  3 wyverns
  3 basilisks
  A human (Snake:2)
  2 steam dragons
  14 vampire mosquitoes
  12 wargs
  20 nagas
  2 swamp worms (Gauntlet)
  19 water moccasins
  An acid dragon (D:12)
  A hell hound (Lair:6)
  A sky beast (D:5)
  12 orc warriors
  2 ice beasts (D:6)
  5 ogres
  8 wolves (Lair:5)
  5 boggarts (D:14)
  10 centaurs
  A phantom (D:6)
  6 kobold brigands (D:10)
  13 bullfrogs
  A scorpion (D:6)
  A hornet simulacrum (D:13)
  A water moccasin skeleton (D:4)
  4 killer bees (D:10)
  11 wights
  2 electric eels (Lair:2)
  A vampire bat (Lair:4)
  8 howler monkeys
  A bullfrog zombie (D:7)
  5 centaur zombies
  4 hounds
  A bullfrog skeleton (D:5)
  33 orc priests
  A centaur skeleton (D:6)
  3 iguanas
  16 orc wizards
  4 hell rats (D:14)
  A scorpion zombie (D:4)
  2 hound zombies (D:4)
  2 hound skeletons (D:4)
  3 gnolls (Orc:1)
  A howler monkey skeleton (D:5)
  3 adders
  2 shadow imps (D:10)
  A white imp (D:7)
  An ufetubus (D:6)
  5 adder zombies
  A worm (D:2)
  2 dart slugs (D:1)
  100 orcs
  2 endoplasms
  3 giant cockroaches
  8 goblins
  6 hobgoblins
  2 quokkas
  8 ball pythons
  2 ball python skeletons (Ossuary)
  10 bats
  3 frilled lizards
  A goblin zombie (D:7)
  A hobgoblin skeleton (Ossuary)
  4 jackal zombies
  36 kobolds
  12 kobold skeletons (D:10)
  7 kobold zombies
  An orc zombie (Ossuary)
  A quokka skeleton (D:4)
  A quokka zombie (D:4)
  5 rats
  2 foxfires
923 creatures vanquished.

Vanquished Creatures (collateral kills)
  An orc warrior (D:8)
  A bullfrog zombie (D:4)
  An adder zombie (Ossuary)
  5 orcs
  4 foxfires
12 creatures vanquished.

Vanquished Creatures (others)
  A merfolk aquamancer (Shoals:3)
  A water elemental (Shoals:3)
  2 humans (Snake:2)
  3 ball lightnings (Shoals:1)
  4 demonic plants (Gauntlet)
  977 foxfires
  61 fungi
  270 plants
  6 withered plants (D:4)
1325 creatures vanquished.

Grand Total: 2260 creatures vanquished

Notes
Turn   | Place    | Note
-------+----------+-------------------------------------------
     0 | D:1      | grimtooth the Deep Elf Hedge Wizard began the quest for the
                  | Orb.
     0 | D:1      | Reached XP level 1. HP: 10/10 MP: 7/7
   486 | D:1      | Found Qatiri's Assorted Antiques.
   500 | D:1      | Reached XP level 2. HP: 15/15 MP: 7/9
   559 | D:1      | Found Dueruam's General Store.
   572 | D:1      | Found Udidid's Book Boutique.
   582 | D:1      | Found Mipin's Assorted Antiques.
   846 | D:1      | Found Sobrem's Assorted Antiques.
  1110 | D:1      | Learned a level 2 spell: Blink
  1113 | D:1      | Learned a level 2 spell: Call Imp
  1383 | D:2      | Reached XP level 3. HP: 19/19 MP: 8/10
  2661 | D:3      | Found a sparkling altar of Nemelex Xobeh.
  2911 | D:3      | Found a faded altar of an unknown god.
  3118 | D:4      | Reached XP level 4. HP: 24/24 MP: 6/12
  3718 | D:4      | Reached skill level 5 in Conjurations
  3806 | D:4      | Reached XP level 5. HP: 26/28 MP: 6/13
  4259 | D:4      | Reached XP level 6. HP: 32/32 MP: 8/14
  4349 | D:4      | Learned a level 3 spell: Conjure Flame
  4353 | D:4      | Learned a level 3 spell: Mephitic Cloud
  4607 | D:4      | Noticed Edmund
  5477 | D:5      | Entered Level 5 of the Dungeon
  5477 | D:5      | Found a staircase to the Ecumenical Temple.
  5482 | D:5      | Noticed a sky beast
  5711 | Temple   | Entered the Ecumenical Temple
  5819 | Temple   | Became a worshipper of Vehumet
  5866 | D:4      | Reached XP level 7. HP: 26/36 MP: 12/15
  6334 | D:5      | Identified the amulet of Truth {rElec Regen+ Str-3 Dex+6
                  | SInv}
  7033 | D:1      | Bought a lumpy dark potion for 27 gold pieces
  7054 | D:1      | Bought a scroll labelled WANO YXEYK for 22 gold pieces
  7084 | D:1      | Bought a scroll labelled IRIEXA VOCARE for 27 gold pieces
  7084 | D:1      | Bought a scroll labelled FOAMELU SAKIL for 27 gold pieces
  7125 | D:1      | Bought a scroll labelled WANO YXEYK for 31 gold pieces
  7379 | D:6      | Reached skill level 5 in Stealth
  7379 | D:6      | Reached skill level 5 in Summonings
  7507 | D:6      | Cast into level 1 of the Abyss (orc)
  7508 | Abyss:1  | - oh ffs
  7540 | Abyss:1  | Found a basalt altar of Yredelemnul.
  7560 | Abyss:1  | Found a basalt altar of Yredelemnul.
  7577 | Abyss:1  | Noticed a large abomination
  7582 | Abyss:1  | Noticed a green draconian
  7593 | D:6      | Escaped the Abyss
  7841 | D:6      | Found a blossoming altar of Fedhas.
  7893 | D:6      | Reached skill level 1 in Fire Magic
  8214 | D:6      | Reached XP level 8. HP: 41/41 MP: 4/16
  8591 | D:6      | Reached skill level 1 in Air Magic
  8591 | D:6      | Reached skill level 1 in Poison Magic
  8936 | D:7      | Found a sand-covered staircase.
  9007 | Ossuary  | Entered an ossuary
  9192 | Ossuary  | Reached * piety under Vehumet
  9192 | Ossuary  | Offered knowledge of Foxfire by Vehumet.
  9276 | Ossuary  | Noticed a flying skull
  9467 | Ossuary  | Noticed a flying skull
  9468 | Ossuary  | Noticed a flying skull
 10271 | D:7      | Reached skill level 5 in Spellcasting
 10919 | D:1      | Bought a purple potion for 19 gold pieces
 10949 | D:1      | Bought a white potion for 24 gold pieces
 10990 | D:1      | Bought a bubbling cyan potion for 27 gold pieces
 10996 | D:1      | Bought a scroll labelled LAUNAKHLE JOIRPH for 31 gold
                  | pieces
 10996 | D:1      | Bought a scroll labelled SIRUMPAHER for 31 gold pieces
 10996 | D:1      | Bought a scroll labelled LAUNAKHLE JOIRPH for 31 gold
                  | pieces
 10996 | D:1      | Bought a scroll labelled CUSARGHERROM for 31 gold pieces
 11328 | D:8      | Reached skill level 6 in Spellcasting
 11569 | D:8      | Found a staircase to the Lair.
 11675 | D:8      | Noticed a manticore
 11717 | D:8      | Reached XP level 9. HP: 45/45 MP: 15/20
 11841 | D:7      | Learned a level 1 spell: Foxfire
 11925 | D:7      | Reached skill level 7 in Spellcasting
 12033 | D:8      | Killed a manticore
 12142 | D:8      | Identified the +1 leather armour of an ossuary {rCorr}
 12163 | D:8      | Reached skill level 8 in Spellcasting
 12389 | D:8      | Noticed Pikel
 12407 | D:8      | Killed Pikel
 12532 | D:8      | Reached skill level 9 in Spellcasting
 12699 | D:9      | Reached ** piety under Vehumet
 12699 | D:9      | Offered knowledge of Shock by Vehumet.
 13004 | D:9      | Learned a level 3 spell: Ignite Poison
 13010 | D:9      | Learned a level 5 spell: Freezing Cloud
 13296 | D:10     | Entered Level 10 of the Dungeon
 13407 | D:10     | Reached skill level 5 in Dodging
 13407 | D:10     | Reached skill level 1 in Ice Magic
 13608 | D:10     | Reached XP level 10. HP: 50/50 MP: 17/25
 14194 | D:10     | Offered knowledge of Static Discharge by Vehumet.
 14296 | D:10     | Reached *** piety under Vehumet
 14389 | D:10     | Offered knowledge of Iskenderun's Mystic Blast by Vehumet.
 14395 | D:10     | Learned a level 4 spell: Iskenderun's Mystic Blast
 14506 | D:10     | Found an ancient bone altar of Kikubaaqudgha.
 15001 | D:11     | Reached skill level 5 in Ice Magic
 15014 | D:11     | Reached **** piety under Vehumet
 15305 | D:11     | Noticed a two-headed ogre
 15418 | D:11     | Found a runed translucent gate.
 15418 | D:11     | Found a runed translucent gate.
 15418 | D:11     | Found a runed translucent gate.
 15421 | D:11     | Noticed a spectral centaur warrior
 15461 | D:11     | Found a staircase to the Orcish Mines.
 15477 | D:11     | Killed a two-headed ogre
 15527 | D:11     | Offered knowledge of Lightning Bolt by Vehumet.
 16031 | D:11     | Noticed grimtooth's ghost (journeyman BaSu)
 16068 | D:11     | Reached skill level 1 in Fighting
 16115 | D:11     | Noticed a manticore
 16133 | D:11     | Killed a manticore
 16134 | D:11     | Reached skill level 5 in Fire Magic
 16274 | D:11     | Reached XP level 11. HP: 57/57 MP: 18/26
 16357 | D:11     | Found a shimmering altar of Xom.
 16359 | D:11     | Found a hazy altar of Hepliaklqana.
 16359 | D:11     | Found a blossoming altar of Fedhas.
 16361 | D:11     | Found a shimmering altar of Xom.
 16361 | D:11     | Found a broken altar of Ashenzari.
 16361 | D:11     | Found a glowing silver altar of Zin.
 16675 | D:1      | Bought a potion of magic for 80 gold pieces
 16864 | Lair:1   | Entered Level 1 of the Lair of Beasts
 17136 | Lair:1   | Found a dark tunnel.
 17142 | Volcano  | Entered a volcano
 17146 | Volcano  | Noticed a wizard
 17171 | Volcano  | Killed a wizard
 17356 | Volcano  | Noticed a +2 mace of flaming
 17365 | Volcano  | Killed a +2 mace of flaming
 17367 | Volcano  | Reached skill level 5 in Fighting
 17453 | Volcano  | Noticed a wizard
 17459 | Volcano  | Killed a wizard
 17471 | Volcano  | Noticed a wizard
 17474 | Volcano  | Killed a wizard
 17502 | Volcano  | Noticed a wizard
 17503 | Volcano  | Noticed a wizard
 17633 | Volcano  | Killed a wizard
 17641 | Volcano  | Killed a wizard
 18580 | Lair:2   | Reached skill level 10 in Spellcasting
 18698 | Lair:2   | Reached skill level 5 in Poison Magic
 18759 | Lair:2   | Reached XP level 12. HP: 65/70 MP: 18/28
 19012 | Lair:2   | Reached skill level 5 in Air Magic
 19169 | Lair:2   | Found a staircase to the Shoals.
 19488 | Lair:3   | Noticed an eight-headed hydra
 19522 | Lair:3   | Found a staircase to the Snake Pit.
 19540 | Lair:3   | Killed an eight-headed hydra
 19642 | Lair:3   | Reached skill level 11 in Spellcasting
 19832 | Lair:3   | Noticed a six-headed hydra
 20000 | Lair:3   | Reached skill level 12 in Spellcasting
 20448 | Lair:4   | Noticed Nergalle
 20456 | Lair:4   | Killed Nergalle
 20457 | Lair:4   | Reached skill level 1 in Short Blades
 20571 | Lair:4   | Noticed Josephine
 20574 | Lair:4   | Reached ***** piety under Vehumet
 20577 | Lair:4   | Killed Josephine
 20583 | Lair:4   | Reached skill level 10 in Conjurations
 20583 | Lair:4   | Offered knowledge of Iskenderun's Battlesphere by Vehumet.
 20676 | Lair:4   | Found a gate leading to a gauntlet.
 20690 | Gauntlet | Entered a Gauntlet
 20690 | Gauntlet | Found a transporter.
 20690 | Gauntlet | Found a transporter.
 20696 | Gauntlet | Found a transporter.
 20698 | Gauntlet | Found a transporter.
 20698 | Gauntlet | Found a transporter.
 20701 | Gauntlet | Found a transporter.
 20705 | Gauntlet | Noticed a tengu warrior
 20726 | Gauntlet | Found a transporter.
 20769 | Gauntlet | Found a transporter.
 20769 | Gauntlet | Found a transporter.
 20771 | Gauntlet | Found a transporter.
 20784 | Gauntlet | Found a transporter.
 20799 | Gauntlet | Noticed a great orb of eyes
 20800 | Gauntlet | Found a transporter.
 20817 | Gauntlet | Found a transporter.
 20824 | Gauntlet | Noticed a four-headed hydra
 20831 | Gauntlet | Found a transporter.
 21016 | Gauntlet | Killed a tengu warrior
 21044 | Gauntlet | Learned a level 3 spell: Ozocubu's Armour
 21071 | Gauntlet | Killed a four-headed hydra
 21204 | Gauntlet | Identified the +7 quarterstaff "Kischil" {speed, Int+6}
 21204 | Gauntlet | Noticed a minotaur
 21215 | Gauntlet | Killed a minotaur
 21345 | Gauntlet | - i feel like there should be more stuff here
 21437 | Lair:4   | Noticed Rupert
 22019 | Lair:4   | Killed Rupert
 22020 | Lair:4   | Reached XP level 13. HP: 74/74 MP: 5/31
 22771 | Lair:5   | Reached skill level 5 in Short Blades
 23849 | Lair:6   | Entered Level 6 of the Lair of Beasts
 24051 | Lair:6   | Reached skill level 1 in Evocations
 24505 | Lair:6   | Reached skill level 13 in Spellcasting
 24527 | Lair:6   | Found a viscous altar of Jiyva.
 24527 | Lair:6   | Found a staircase to the Slime Pits.
 25224 | Lair:6   | Reached XP level 14. HP: 69/80 MP: 30/33
 25377 | Lair:6   | Reached skill level 14 in Spellcasting
 25392 | Lair:6   | Reached skill level 5 in Evocations
 26457 | Orc:1    | Entered Level 1 of the Orcish Mines
 26692 | Orc:1    | Reached skill level 15 in Spellcasting
 26714 | Orc:1    | Offered knowledge of Airstrike by Vehumet.
 26750 | Orc:1    | Reached skill level 1 in Armour
 27156 | Orc:2    | Entered Level 2 of the Orcish Mines
 27156 | Orc:2    | Found a staircase to the Elven Halls.
 27852 | Orc:2    | Found Noeweguv's Magic Scroll Emporium.
 27852 | Orc:2    | Found Dijoiforch's Antique Armour Boutique.
 28124 | Orc:2    | Reached skill level 5 in Armour
 28256 | Orc:2    | Offered knowledge of Orb of Destruction by Vehumet.
 28350 | Orc:2    | Found Puts's Distillery.
 28350 | Orc:2    | Found Ilucs's Weapon Boutique.
 28371 | Orc:2    | Bought a potion of curing for 39 gold pieces
 28371 | Orc:2    | Bought a potion of heal wounds for 65 gold pieces
 28412 | Orc:2    | Bought a scroll of identify for 36 gold pieces
 28516 | D:10     | Learned a level 7 spell: Orb of Destruction
 28528 | D:10     | Identified the +2 leather armour "Wuxyphuf" {Will- Str+5}
 28682 | Orc:2    | Bought a scroll of fear for 63 gold pieces
 28682 | Orc:2    | Bought 2 scrolls of fog for 72 gold pieces
 28682 | Orc:2    | Bought a scroll of magic mapping for 63 gold pieces
 30335 | D:13     | Reached XP level 15. HP: 73/84 MP: 32/36
 31805 | D:13     | Found a gate to the Vaults.
 31861 | D:14     | Noticed Snorg
 31871 | D:14     | Killed Snorg
 32373 | D:14     | Reached ****** piety under Vehumet
 32956 | D:14     | Offered knowledge of Conjure Ball Lightning by Vehumet.
 33121 | D:14     | Noticed Roxanne
 33127 | D:14     | Found a shimmering altar of Xom.
 33718 | D:15     | Entered Level 15 of the Dungeon
 33996 | D:15     | Reached skill level 15 in Conjurations
 34786 | D:15     | Found a runed translucent door.
 34792 | D:15     | Noticed cbfl8's ghost (journeyman MiGl)
 35216 | Snake:1  | Entered Level 1 of the Snake Pit
 35221 | Snake:1  | Found Poasch's Jewellery Shoppe.
 35221 | Snake:1  | Found Zicvuuf's General Store.
 35231 | Snake:1  | Found Qael's Armour Shoppe.
 35409 | Snake:1  | Found Vyt Qyukk's Jewellery Emporium.
 36503 | Snake:2  | Learned a level 6 spell: Conjure Ball Lightning
 36762 | Snake:2  | Noticed Aizul
 36765 | Snake:2  | Noticed Saint Roka
 36767 | Snake:2  | - double trouble
 36774 | Snake:2  | Killed Aizul
 36823 | Snake:2  | Killed Saint Roka
 36824 | Snake:2  | Reached XP level 16. HP: 60/96 MP: 22/37
 36888 | Snake:2  | Noticed Kirke
 36900 | Snake:2  | Killed Kirke
 37057 | Snake:2  | Noticed Asterion
 37225 | Snake:1  | Reached skill level 1 in Staves
 37236 | Snake:1  | Offered knowledge of Lee's Rapid Deconstruction by Vehumet.
 37779 | Snake:1  | Reached skill level 10 in Dodging
 38118 | Snake:2  | Found Qyastriock's Antique Weapon Emporium.
 38453 | Orc:2    | Bought 2 potions of curing for 78 gold pieces
 38453 | Orc:2    | Bought a potion of invisibility for 104 gold pieces
 38654 | Lair:2   | Learned a level 5 spell: Lee's Rapid Deconstruction
 38655 | Shoals:1 | Entered Level 1 of the Shoals
 38689 | Shoals:1 | Noticed Frances
 38723 | Shoals:1 | - well phew
 39348 | Shoals:1 | Killed Frances
 39349 | Shoals:1 | Reached skill level 5 in Staves
 40324 | Shoals:2 | Offered knowledge of Fireball by Vehumet.
 41430 | Shoals:3 | Found a flickering gateway to a bazaar.
 41432 | Shoals:3 | Reached skill level 1 in Earth Magic
 41484 | Bazaar   | Entered a bazaar
 41525 | Bazaar   | Found Utzearod's Book Emporium.
 41525 | Bazaar   | Found Xiatuar's Book Shoppe.
 41546 | Bazaar   | Found Osoomuas's Book Emporium.
 41546 | Bazaar   | Found Oqexaoj's Book Shoppe.
 41569 | Bazaar   | Found Luthriamo's Book Shoppe.
 41672 | Bazaar   | Bought a Young Poisoner's Handbook for 160 gold pieces
 41686 | Bazaar   | Bought a book of Sloth for 504 gold pieces
 41742 | Shoals:3 | Got the Tome of Transmutation and the Snowflakes
 42243 | Shoals:3 | Reached skill level 16 in Spellcasting
 42376 | Shoals:4 | Entered Level 4 of the Shoals
 42376 | Shoals:4 | Found a flickering gateway to a bazaar.
 42377 | Shoals:4 | - *two* bazaars?
 42432 | Bazaar   | Entered a bazaar
 42432 | Bazaar   | Found Xearurir's Distillery.
 42440 | Bazaar   | Found Hidaud's Book Shop.
 42448 | Bazaar   | Found Cuilygic's Antique Armour Shop.
 42459 | Bazaar   | Found Dises's General Store.
 42470 | Bazaar   | Found Atas's Antique Weapon Boutique.
 42498 | Bazaar   | Bought a potion of curing for 39 gold pieces
 42498 | Bazaar   | Bought a potion of brilliance for 52 gold pieces
 42498 | Bazaar   | Bought a potion of heal wounds for 65 gold pieces
 42520 | Bazaar   | Bought a scroll of identify for 24 gold pieces
 42520 | Bazaar   | Bought a potion of resistance for 120 gold pieces
 42520 | Bazaar   | Identified a scroll of acquirement
 42537 | Bazaar   | Bought a potion of cancellation for 104 gold pieces
 42549 | Bazaar   | Bought a scorched dagger for 147 gold pieces
 42549 | Bazaar   | Identified the +9 dagger of Peril {freeze, rN++ rCorr} (You
                  | bought it in a shop in a bazaar)
 42550 | Bazaar   | Acquired 760 gold pieces
 42574 | Bazaar   | Bought an ancient leather armour for 231 gold pieces
 42574 | Bazaar   | Identified the +3 leather armour of Inquiry {Rampage Int+4}
                  | (You bought it in a shop in a bazaar)
 42599 | Bazaar   | Bought a potion of might for 52 gold pieces
 42599 | Bazaar   | Bought a potion of might for 52 gold pieces
 42599 | Bazaar   | Bought a potion of might for 52 gold pieces
 42615 | Bazaar   | Bought a +3 leather armour of fire resistance for 288 gold
                  | pieces
 42649 | Shoals:4 | Reached XP level 17. HP: 100/100 MP: 35/39
 42873 | Shoals:4 | Identified the +7 chain mail "Juebaqotu" {rPois rN+}
 43507 | Shoals:4 | Reached skill level 17 in Spellcasting
 44023 | Shoals:4 | - all those nets thrown to the deep... bummer
 44847 | Shoals:4 | Offered knowledge of Spellforged Servitor by Vehumet.
 44857 | Shoals:4 | Reached skill level 18 in Spellcasting
 44952 | Shoals:4 | Got a barnacled rune of Zot
 46367 | Snake:2  | - that was a bit careless
 46919 | Snake:3  | Engulfed by a cloud of freezing vapour

Illustrated notes .. .... .#.###... ........ ........ .......# #......# #.....@# ####......... ....###..#.# .##.. .... #. ...# .. .... ## ... Turn 7508 on Abyss:1: - oh ffs #.............# #.##.##.##.##.# ##.##.##.##.##.# #.......[....... .##.##.##.##.## #.##.##.##.##.### #...............# ###.##.#'###.##.# #.#.###.##.# ..#.#......# #.##@##.##.## #. #∩##.##.# .. ###.....# .# #.##.## ### ## Turn 21345 on Gauntlet: - i feel like there should be more stuff here ............# ........... ......... o○oo§.. o§S§. §§§ .. #+#§# ... #.#@# ...#+#########.#.# .............#.#.# .............#<#.# ...........).#.#.# .............'.#.# .............#.#.# ####....######.#.# ####....# #.#.# ........# #.#.# (.......######.#.# Turn 36767 on Snake:2: - double trouble ≈≈≈≈≈≈≈≈≈4..# #### ≈≈≈≈≈≈≈≈≈...### ≈≈≈≈≈≈≈≈≈≈....# ≈≈≈≈≈≈≈≈≈≈.....# ≈≈≈≈≈≈≈≈≈≈≈...## ≈≈≈≈≈≈≈≈≈≈≈≈...# ≈≈≈≈≈≈≈≈≈≈≈≈..... ≈≈≈≈≈≈≈≈≈≈≈≈..... ≈≈≈≈≈≈≈≈≈≈≈≈.... ≈≈≈≈≈≈≈≈≈≈≈≈≈.. ≈≈≈≈≈≈≈@≈≈≈≈≈≈≈ ≈≈≈≈≈≈≈≈≈≈≈≈≈≈≈ ≈≈≈≈≈≈≈≈≈≈≈≈≈≈≈ ≈≈≈≈≈≈≈≈≈≈≈≈≈≈≈ ≈≈≈≈≈≈≈≈≈≈≈≈≈≈≈ ≈≈≈≈≈≈≈≈≈≈≈≈≈≈≈ ≈≈≈≈≈≈≈≈≈≈≈≈≈≈≈ ≈≈≈≈≈≈≈≈≈≈≈≈≈≈≈ Turn 38723 on Shoals:1: - well phew ≈≈≈.#####.≈≈≈≈≈ ≈≈≈..#.....≈≈≈≈ ≈≈≈..........≈≈ ≈.............. ≈.............. ≈.............. ≈≈............. ≈≈.....@....... ≈≈≈°°°.○......# ≈≈≈°≈°.☼.....#. ≈:≈○°☼○°≈°...# ....○°○○○○°○$# ....○.○°○○...# .......○°≈≈≈≈# .≈≈≈...○≈≈≈≈≈# Turn 42377 on Shoals:4: - *two* bazaars?

≈ ≈≈≈≈≈≈≈≈≈≈≈≈≈≈≈≈)≈≈≈≈≈≈≈≈≈≈..≈.
≈≈≈≈≈≈≈≈≈≈≈≈≈≈≈≈≈≈≈≈≈≈≈≈≈......
#####≈≈≈≈≈≈≈≈).).≈≈≈)≈≈≈≈≈≈....≈≈
≈≈≈≈##≈≈≈.............≈≈≈≈......≈
≈≈≈≈ ##≈≈)....).........≈≈..#....
≈≈≈≈≈≈###...............≈≈..##.≈.
+##≈≈≈≈≈≈....^..........≈≈≈..≈≈≈.
≈##≈≈≈≈≈..........)....≈≈≈....≈≈
.≈≈##≈≈≈≈...............≈≈≈.....≈
≈≈≈≈#####...............≈≈≈≈≈...≈
≈≈≈≈≈≈≈≈≈≈≈.)...@....######≈≈≈≈≈≈
≈≈≈≈≈≈≈≈≈≈≈.........#≈≈≈ ##≈≈≈≈≈
.≈≈≈≈≈≈≈≈..........#≈#≈≈ ##≈≈≈≈
.≈≈≈≈≈≈≈..........#≈#≈≈≈ #≈≈≈≈
.≈≈≈≈≈≈...........#..≈≈≈ #≈≈≈≈
.≈≈≈≈≈≈...........#..≈≈# #≈≈≈≈
.≈≈≈≈≈≈...#.......# .#≈# #≈≈≈≈
.≈≈≈≈≈..###...≈≈..# .≈≈m #≈≈≈≈
≈≈≈†≈≈..###.≈≈≈≈≈.# m.m≈ #.≈≈.
≈≈≈≈≈≈≈≈≈≈≈≈≈≈≈≈≈≈.# #....
≈≈≈≈≈.....≈≈≈≈≈≈≈≈≈)# ##..≈


Turn 44023 on Shoals:4: - all those nets thrown to the deep... bummer
#......#.###.. #.###..#.###.. #.# #..#..##.. #.###..#...... #...#)........
#...+.[....... #...#.###.##.. #.###.###.##.. #.###.##...... ### #.............
#@# ###.#.##...#.. #.# #^#.##...#.. #.# #.#.##...#.. #.# #........... #§#
###.#...#... #○#######.#....... #§°............... #§#######.##.<#... #.#
####.##...... #N................ #..#######.#..##.. Turn 46367 on Snake:2: -
that was a bit careless

Levels and vault maps discovered:
D:1:      dpeg_arrival_ternary, layout_rooms, serial_shops, shop, shop, shop,
          shop, shop, minmay_fountain_box
D:2:      wad_crossroads, layout_loops_ring
D:3:      layout_loops_ring, nemelex_dance_club_becter,
          shapermc_ecumenical_altar_mp_vishouse, chequers_avenue
D:4:      layout_basic, serial_undead, serial_undead_e, serial_undead_f,
          serial_undead_d, serial_undead_d, serial_undead_f, serial_undead_e,
          serial_undead_c, serial_undead_b, uniq_edmund
D:5:      layout_cave_pods, minmay_temple_entry_glass,
          wad_floor_pattern_untrapped
D:6:      layout_basic, fedhas_altar_fruit_tree, dk_rats_in_the_wall
D:7:      layout_gridville, enter_ossuary_3, serial_bayou_crossing
D:8:      layout_basic, lair_entry_dummy, uniq_pikel
D:9:      layout_roguey
D:10:     wander_kiku_kobolds, layout_gridville, serial_glass, glass_columns_c,
          glass_columns_a, nicolae_straight_to_the_point
D:11:     layout_big_octagon, hiddenorc2_lemuel, gammafunk_ghost_necromancy,
          doesnt_xom_only_xom
D:12:     layout_basic
D:13:     layout_basic, grunt_vaults_entry_fortified, grunt_ministairs_1,
          patterned_corridor
D:14:     wad_woods_stonehenge, layout_basic, serial_park_avenue1, uniq_snorg,
          uniq_roxanne
D:15:     hangedman_depths_entry_try_elsewhere_first, layout_loops_ring,
          ebering_ghost_reflecting_pool
Temple:   regret_index_temple_chain_breaker
Lair:1:   layout_regular_city, enter_volcano_4
Lair:2:   layout_small_grid, minmay_shoals_entry_hut, st_stairs_5,
          grunt_megastairs_4, serial_bayou_shore_b
Lair:3:   layout_loops_ring, minmay_snake_entry_guardpost_small, minmay_holes,
          infiniplex_staircase_pool, lemuel_fruit_fields, lemuel_fruit_tree
Lair:4:   layout_loops_ring, gauntlet_entry_generic, roderic_batcave,
          uniq_nergalle, uniq_rupert, uniq_josephine
Lair:5:   layout_regular_city, beast_lair_carwin_4, grunt_megastairs_1
Lair:6:   evil_forest, layout_regular_city, slime_altar_1
Shoals:1: layout_shoals, uniq_frances
Shoals:2: layout_shoals
Shoals:3: layout_shoals, serial_shops, bzr_firewalk
Shoals:4: shoals_end_hangedman, layout_shoals, serial_shops, freezing_bzr,
          nicolae_shoals_wave_tunnel
Snake:1:  layout_basic, drop_trap, nicolae_snake_snakes_in_the_grass,
          minmay_shoptagon, grunt_megastairs_5
Snake:2:  layout_basic, nicolae_stop_n_shop_2, st_stairs_3,
          nrook_guardian_serpent_ordinary, uniq_saint_roka, uniq_aizul,
          uniq_asterion, uniq_kirke
Snake:3:  layout_cave_shapes, gammafunk_ghost_necromancy, st_stairs_1,
          nicolae_wooded_promenade, nicolae_take_the_stairs
Orc:1:    layout_caves
Orc:2:    st_orc_town, layout_caves, basic_altar, mines_bat_river, uniq_donald

Skill      XL: |  1  2  3  4  5  6  7  8  9 10 11 12 13 14 15 16 17 |
---------------+----------------------------------------------------+-----
Conjurations   | 2 3 4 5 6 9 11 12 15 | 15.0
Summonings     | 2 3 5 6 |  6.0
Stealth        | 3 4 5 6 7 9 |  9.6
Translocations | 2 3 |  3.0
Fire Magic     | 2 3 5 6 |  6.0
Air Magic      | 3 4 6 7 9 |  9.0
Poison Magic   | 3 5 6 |  6.0
Spellcasting   | 6 9 10 12 13 15 16 18 | 18.0
Dodging        | 5 9 12 | 12.0
Ice Magic      | 2 6 7 9 |  9.0
Fighting       | 1 6 9 |  9.0
Short Blades   | 4 6 |  6.0
Evocations     | 4 6 |  6.7
Armour         | 6 |  6.0
Staves         | 6 7 |  7.8
Earth Magic    | 1 |  1.3

Action                   |  1- 3 |  4- 6 |  7- 9 | 10-12 | 13-15 | 16-18 || total
-------------------------+-------+-------+-------+-------+-------+-------++-------
Melee: Dagger            |     6 |       |    23 |    63 |    70 |    30 ||   192
       Short sword       |     3 |    16 |    85 |   180 |   448 |    33 ||   765
       Staff             |       |       |       |       |       |    14 ||    14
Throw: Dart              |       |     2 |    19 |     3 |    34 |     6 ||    64
       Boomerang         |       |       |     5 |       |       |     9 ||    14
 Cast: Magic Dart        |   108 |   128 |   203 |       |       |     3 ||   442
       Call Imp          |     1 |     3 |    13 |     9 |     1 |       ||    27
       Blink             |       |     4 |    17 |    22 |     8 |     7 ||    58
       Conjure Flame     |       |     3 |    28 |    27 |    81 |     3 ||   142
       Mephitic Cloud    |       |       |    14 |    52 |    89 |    37 ||   192
       Foxfire           |       |       |    77 |   193 |   204 |    86 ||   560
       Ignite Poison     |       |       |       |    24 |    51 |    13 ||    88
       Iskenderun's Myst |       |       |       |    60 |   188 |   147 ||   395
       Ozocubu's Armour  |       |       |       |       |    12 |    13 ||    25
       Orb of Destructio |       |       |       |       |     4 |    21 ||    25
       Freezing Cloud    |       |       |       |       |    36 |    80 ||   116
       Conjure Ball Ligh |       |       |       |       |       |     1 ||     1
Evoke: Wand              |       |       |       |     8 |    20 |    59 ||    87
  Use: Scroll            |       |       |    11 |     7 |     6 |    21 ||    45
       Potion            |       |       |       |       |    11 |    12 ||    23
 Stab: Sleeping          |     1 |     1 |     5 |    10 |     2 |     2 ||    21
       Confused          |       |       |     7 |    11 |    30 |     6 ||    54
       Distracted        |       |       |     1 |     1 |       |       ||     2
Armor: Robe              |     2 |    43 |    39 |    72 |   132 |    35 ||   323
       Leather armour    |       |       |       |       |       |    17 ||    17
Dodge: Dodged            |     7 |    43 |    79 |   266 |   467 |   170 ||  1032
